 Dungeon Crawl Stone Soup version 0.26-a0-771-g060e6a62af (webtiles) character file.

Game seed: 1947579812889380584

87 Queen the Shield-Bearer (level 4, -10/40 HPs)
             Began as a Draconian Fighter on Nov 8, 2020.
             Killed by divine providence
             ... invoked by an orc priest
              (16 damage)
             ... on level 3 of the Dungeon.
             The game lasted 00:04:39 (1741 turns).

Queen the Shield-Bearer (Draconian Fighter)         Turns: 1741, Time: 00:04:40

Health: -10/40     AC:  7    Str: 20    XL:     4   Next: 28%
Magic:  0/4        EV: 10    Int:  8    God:
Gold:   113        SH:  9    Dex: 10    Spells: 3/3 levels left

rFire    . . .     SeeInvis .   a - +1 long sword
rCold    . . .     Faith    .   b - +0 kite shield
rNeg     . . .     Spirit   +   (armour unavailable)
rPois    .         Reflect  .   (helmet restricted)
rElec    .         Harm     .   d - +0 cloak
rCorr    .         Rampage  .   (no gloves)
MR       .....                  q - +0 pair of boots
Stlth    +.........             o - amulet of guardian spirit
HPRegen  0.13/turn              (no ring)
MPRegen  0.09/turn              (no ring)

@: no status effects
A: unfitting armour, cold-blooded, AC +5
a: no special abilities


You were on level 3 of the Dungeon.
You visited 1 branch of the dungeon, and saw 3 of its levels.

You collected 113 gold pieces.

Inventory:

Hand Weapons
 a - a +1 long sword (weapon)
Armour
 b - a +0 kite shield (worn)
 d - a +0 cloak (worn)
 q - a +0 pair of boots (worn)
Jewellery
 o - an amulet of guardian spirit (around neck)
Wands
 t - a wand of acid (6)
Scrolls
 e - 2 scrolls of fear
 g - 2 scrolls of remove curse
 j - a scroll of enchant weapon
 l - a scroll of immolation {unknown}
 r - a scroll of identify {unknown}
 s - a scroll of enchant armour {unknown}
Potions
 c - a potion of might
 f - 2 potions of ambrosia {unknown}
 h - a potion of haste {unknown}
 i - a potion of degeneration {unknown}
 k - a potion of flight {unknown}
 m - a potion of invisibility {unknown}
 n - a potion of curing {unknown}
 p - a potion of berserk rage {unknown}


   Skills:
 + Level 3.8 Fighting
 + Level 2.6 Long Blades
 + Level 3.2 Dodging
 - Level 4.0 Shields


You had 3 spell levels left.
You didn't know any spells.
Your spell library was empty.

Dungeon Overview and Level Annotations

Branches:
Dungeon (3/15)

Altars:


Innate Abilities, Weirdness & Mutations

Your plain brown scales are hard. (AC +5)
You cannot fit into any form of body armour.
You are cold-blooded and may be slowed by cold attacks.


Message History

The orc wizard barely misses you.
You riposte.
You miss the orc wizard. The orc wizard closely misses you.
You riposte.
You hit the orc wizard.
The orc wizard is moderately wounded.
The orc wizard casts a spell.
The orc wizard blinks!
The orc wizard mumbles some strange words.
The orc wizard blinks!
The orc priest looks braver for a moment.
Things that are here:
a +0 trident; a cursed +0 leather armour; an orc corpse You see here 20 stones.
You see here a bat corpse.
The orc priest invokes the aid of Beogh against you.
Beogh smites you!
* * * LOW HITPOINT WARNING * * *
The orc priest casts a cantrip, but nothing happens.
There is a stone staircase leading up here.
The orc priest mumbles some strange prayers to Beogh against you.
Beogh smites you!
You die...

########.###....
.............#
.########.######
....#####o###
#.....(.))###
#######.#(..###
...###.†.# #...#
###.## #...#
#.@# #...# ##.#
#...# #.. #....
.... ..##. ...#
## #... #..#


You could see an orc priest.

Vanquished Creatures
  2 dart slugs
  6 orcs (D:3)
  A ball python (D:3)
  13 bats
  7 giant cockroaches
  4 goblins
  5 hobgoblins
  12 jackals
  8 kobolds
  A frilled lizard (D:2)
  8 rats
67 creatures vanquished.

Notes
Turn   | Place    | Note
-------+----------+-------------------------------------------
     0 | D:1      | Queen the Draconian Fighter began the quest for the Orb.
     0 | D:1      | Reached XP level 1. HP: 19/19 MP: 1/1
    96 | D:1      | Reached XP level 2. HP: 16/26 MP: 2/2
   429 | D:1      | Reached XP level 3. HP: 31/31 MP: 3/3
  1456 | D:2      | Reached XP level 4. HP: 40/40 MP: 4/4
  1698 | D:3      | Reached skill level 4 in Shields
  1741 | D:3      | Killed from afar by an orc priest

Illustrated notes

Levels and vault maps discovered:
D:1:      erik_arrival_orb_chamber, layout_loops_ring,
          hangedman_decor_peaks_small
D:2:      layout_basic, grunt_decor_cap
D:3:      cheibrodos_pilgrimage, layout_rooms, corexii_shack,
          minmay_misc_feat_roman, grunt_ministairs_8, minmay_checkerbox,
          uniq_terence

Skill      XL: |  1  2  3  4 |
---------------+-------------+-----
Dodging        | 3 |  3.2
Shields        | 4 |  4.0
Fighting       | |  3.8
Long Blades    | |  2.6

Action                   |  1- 3 |  4- 6 || total
-------------------------+-------+-------++-------
Melee: Long sword        |   122 |    28 ||   150
       Tailslap          |    12 |     5 ||    17
  Use: Scroll            |     6 |       ||     6
 Stab: Sleeping          |     2 |     1 ||     3
Armor: Skin              |    56 |     5 ||    61
Dodge: Dodged            |    62 |    19 ||    81
Block: Kite shield       |    76 |    14 ||    90
       Rpst.: Long sword |    20 |     6 ||    26

Table legend: (Time is in decaauts)
 A = Elapsed time spent in this place.
 B = Non-inter-level travel time spent in this place.
 C = Inter-level travel time spent in this place.
 D = Time resting spent in this place.
 E = Time spent auto-exploring this place.
 F = Levels seen in this place.
 G = Mean time per level.
                   A        B        C        D        E       F      G
               +--------+--------+--------+--------+--------+-----+--------+
         Total |   1795 |   1713 |     82 |    177 |   1049 |   3 |  598.3 |
       Dungeon |   1795 |   1713 |     82 |    177 |   1049 |   3 |  598.3 |
               +--------+--------+--------+--------+--------+-----+--------+

Top non-repeatable levels by time:
     D:1: 821 daAuts
     D:2: 766 daAuts
     D:3: 207 daAuts
